 Dungeon Crawl Stone Soup version 0.31-a0-200-gbc41564c69 (webtiles) character file.

Game seed: 4686946916852416395

1558 qw the Skirmisher (level 8, -5/46 HPs)
             Began as a Deep Elf Hunter on June 25, 2023.
             Was a Follower of Okawaru.
             Slain by a hornet (11 damage)
             ... while paralysed by a hornet
             ... on level 7 of the Dungeon.
             The game lasted 00:01:41 (4554 turns).

qw the Skirmisher (Deep Elf Hunter)                 Turns: 4554, Time: 00:01:41

Health: -5/46      AC:  9    Str: 10    XL:     8   Next: 58%
Magic:  11/13      EV:  2    Int: 15    God:    Okawaru [*.....]
Gold:   202        SH:  0    Dex: 18    Spells: 7/7 levels left

rFire   . . .        Y - +6 sling (flame)
rCold   . . .        (no shield)
rNeg    . . .        a - +0 ring mail
rPois   .            (no helmet)
rElec   .            b - +1 cloak
rCorr   .            c - +0 pair of gloves
SInv    .            (no boots)
Will    .....        l - amulet of regeneration
Stlth   +++          (no ring)
HPRegen 1.07/turn    (no ring)
MPRegen 0.13/turn

%: no passive effects
@: paralysed, lethally poisoned (-5 -> -7), heroic, slowed
A: no striking features
a: Renounce Religion, Heroism


You were on level 7 of the Dungeon.
You worshipped Okawaru.
Okawaru was aware of your devotion.
You visited 2 branches of the dungeon, and saw 8 of its levels.

You collected 382 gold pieces.
You spent 180 gold pieces at shops.


   Skills:
 - Level 3.3(8.3) Fighting
 + Level 12.2(17.2) Ranged Weapons
 - Level 1.0(6.0) Armour
 - Level 4.4(9.4) Dodging
 - Level 1.2(6.2) Stealth
 - Level 4.2 Invocations


You had 7 spell levels left.
You didn't know any spells.
Your spell library was empty.

Inventory:

Hand Weapons
 h - a +2 antimagic orcbow
 Y - a +6 sling of flaming (weapon)
Armour
 a - a +0 ring mail (worn)
 b - a +1 cloak (worn)
 c - a +0 pair of gloves (worn)
Jewellery
 l - an amulet of regeneration (around neck)
Scrolls
 g - 2 scrolls of identify
 m - 2 scrolls of teleportation
Potions
 d - 2 potions of curing
 e - a potion of heal wounds
 i - a potion of might
 k - a potion of resistance

Dungeon Overview and Level Annotations

Branches:
Dungeon (7/15)             Temple (1/1) D:4

Altars:
Dithmenos
Gozag
Hepliaklqana
Makhleb
Okawaru
Qazlal
Ru
Sif Muna
Uskayaw
Vehumet
Xom
Zin

Shops:
D:6 ?   D:7 (?[


Message History

Your Dodging skill increases to level 4!
You shoot a sling bullet. The sling bullet hits the bullfrog!
The sling bullet burns the bullfrog.
The bullfrog is severely wounded.
The bullfrog closely misses you.
You shoot a sling bullet.
The sling bullet closely misses the bullfrog.
The bullfrog hits you.
You shoot a sling bullet.
The sling bullet barely misses the bullfrog.
The bullfrog barely misses you. The hornet stings you.
You feel yourself slow down. The bullfrog barely misses you.
You shoot a sling bullet. The sling bullet hits the bullfrog!
The sling bullet burns the bullfrog.
You kill the bullfrog!
Okawaru accepts your kill.
You feel yourself speed up. The hornet stings you!
You feel yourself slow down. The hornet barely misses you.
4550 ||| INVOKING Heroism.
You gain the combat prowess of a mighty hero.
You feel yourself speed up. The hornet misses you. The hornet stings you!
You feel yourself slow down. The hornet barely misses you.
You shoot a sling bullet. The sling bullet hits the hornet!
The sling bullet burns the hornet.
The hornet is moderately wounded.
The hornet barely misses you.
You shoot a sling bullet.
The sling bullet hits the hornet but does no damage.
The hornet is moderately wounded.
The hornet stings you!
You are poisoned.
You feel as though you will be slow longer.
The hornet stings you!
You suddenly lose the ability to move!
You feel very sick.
The hornet stings you but does no damage.
The hornet barely misses you.
You feel sick. The hornet stings you!
You die...

# ##.### .#.
####.#
.....##.\..##
............###
...#####......#
. ##....###
.!.###....##
...........##
......y@...)#
#......%....#
##...>..\....#
#.##..........
#. ##........#
# ##.####..#
#.# ~~~ .## \~


You could see a hornet.

Vanquished Creatures
  A steam dragon (D:6)
  2 water moccasins
  An ice beast (D:5)
  A sky beast (D:6)
  An ogre (D:6)
  2 phantoms
  A kobold brigand (D:5)
  A bullfrog (D:7)
  A scorpion (D:5)
  4 hounds
  A jelly (D:6)
  2 gnoll boudas (D:5)
  A sleepcap (D:5)
  3 iguanas
  A statue (D:5)
  9 gnolls (D:5)
  7 adders
  A shadow imp (D:6)
  An ufetubus (D:4)
  2 dart slugs (D:3)
  14 orcs
  11 endoplasms
  7 giant cockroaches
  12 goblins
  4 hobgoblins
  2 quokkas
  5 ball pythons
  4 bats
  3 frilled lizards
  15 kobolds
  4 rats
124 creatures vanquished.

Vanquished Creatures (collateral kills)
  A hobgoblin (D:4)
1 creature vanquished.

Grand Total: 125 creatures vanquished

Notes
Turn   | Place    | Note
-------+----------+-------------------------------------------
     0 | D:1      | qw the Deep Elf Hunter began the quest for the Orb.
     0 | D:1      | Reached XP level 1. HP: 12/12 MP: 3/3
     0 | D:1      | 0 ||| qw: Version: 0.3-a-22-g0ed2b0b
     0 | D:1      | 0 ||| qw: Game counter: 5665
     0 | D:1      | 0 ||| qw: Melee chars always use a shield: true
     0 | D:1      | 0 ||| qw: God list: Okawaru
     0 | D:1      | 0 ||| qw: Allow faded altars: false
     0 | D:1      | 0 ||| qw: Do Orc after clearing Dungeon:15 true
     0 | D:1      | 0 ||| qw: Do second Lair branch before Depths: true
     0 | D:1      | 0 ||| qw: Lair rune preference: random
     0 | D:1      | 0 ||| qw: Goals: Normal
     0 | D:1      | 0 ||| PLANNING D:1-11
   302 | D:1      | Reached XP level 2. HP: 16/16 MP: 4/4
   338 | D:1      | Reached skill level 6 in Ranged Weapons
   924 | D:1      | 924 ||| READING scroll labelled LAEMAW FEOFAU.
   925 | D:1      | 925 ||| READING scroll labelled SECUSA IGHEDGH.
   926 | D:1      | 926 ||| READING scroll labelled EMEPLI EFORA.
   927 | D:1      | 927 ||| DROPPING scroll of butterflies.
  1117 | D:2      | Reached XP level 3. HP: 6/20 MP: 5/5
  1214 | D:2      | Reached skill level 7 in Ranged Weapons
  1586 | D:2      | 1586 ||| UPGRADING to +0 ring mail.
  1596 | D:2      | 1596 ||| UPGRADING to +0 cloak.
  1601 | D:2      | 1601 ||| DROPPING +0 leather armour.
  1602 | D:2      | 1602 ||| READING scroll labelled ZOSOEMOHIE.
  1603 | D:2      | 1603 ||| READING scroll labelled QUIROM XEEGHE.
  1604 | D:2      | 1604 ||| READING scroll labelled WINWO ODIRIQAE.
  1605 | D:2      | 1605 ||| DRINKING 2 green potions.
  1606 | D:2      | 1606 ||| DROPPING potion of degeneration.
  1659 | D:3      | 1659 ||| STAIRDANCE
  1817 | D:3      | 1817 ||| SWAPPING to +6 sling of flaming.
  1818 | D:3      | 1818 ||| DROPPING +0 shortbow.
  1853 | D:3      | Reached XP level 4. HP: 25/25 MP: 6/6
  1915 | D:3      | 1915 ||| READING scroll of enchant armour.
  1915 | D:3      | 1915 ||| ENCHANTING +0 cloak.
  2272 | D:3      | 2272 ||| READING scroll labelled LULEESKEUMM.
  2273 | D:3      | 2273 ||| DRINKING 2 red potions.
  2331 | D:4      | Found a burning altar of Makhleb.
  2426 | D:4      | Reached skill level 8 in Ranged Weapons
  2440 | D:4      | Found a staircase to the Ecumenical Temple.
  2441 | D:4      | 2441 ||| PLANNING TEMPLE
  2441 | D:4      | 2441 ||| READING scroll labelled ALICOCZ LYRO.
  2450 | D:4      | 2450 ||| READING scroll labelled YNNIHALOFFI.
  2522 | Temple   | Entered the Ecumenical Temple
  2530 | Temple   | 2530 ||| PLANNING OKAWARU WORSHIP
  2607 | Temple   | Became a worshipper of Warmaster Okawaru
  2608 | Temple   | 2608 ||| PLANNING D:1-11
  2637 | D:4      | Noticed a water moccasin
  2643 | D:4      | Killed a water moccasin
  2644 | D:4      | Reached skill level 9 in Ranged Weapons
  2644 | D:4      | Reached XP level 5. HP: 24/29 MP: 7/7
  2780 | D:4      | You fall into a shaft and drop 1 floor!
  2780 | D:5      | Entered Level 5 of the Dungeon
  2811 | D:5      | Reached XP level 6. HP: 35/35 MP: 8/8
  2814 | D:5      | Reached * piety under Okawaru
  2815 | D:5      | 2815 ||| INVOKING Heroism.
  2881 | D:5      | Reached skill level 10 in Ranged Weapons
  2933 | D:5      | Reached skill level 3 in Dodging
  2991 | D:5      | Reached skill level 1 in Armour
  2991 | D:5      | Reached skill level 1 in Invocations
  3003 | D:5      | Reached XP level 7. HP: 40/40 MP: 10/10
  3185 | D:5      | 3185 ||| READING scroll labelled UNECOG YTROW.
  3186 | D:5      | 3186 ||| READING 2 scrolls of identify.
  3186 | D:5      | 3186 ||| IDENTIFYING fuming yellow potion
  3187 | D:5      | 3187 ||| DROPPING potion of lignification.
  3558 | D:5      | 3558 ||| FLEEEEING.
  3562 | D:5      | 3562 ||| STAIRDANCE
  3564 | D:4      | 3564 ||| READING 2 scrolls of identify.
  3564 | D:4      | 3564 ||| IDENTIFYING cyan potion
  3573 | D:5      | 3573 ||| Stepping ~*~*~tactically~*~*~ (outnumbered).
  3576 | D:5      | Reached skill level 3 in Invocations
  3577 | D:5      | 3577 ||| Stepping ~*~*~tactically~*~*~ (outnumbered).
  3589 | D:5      | 3589 ||| INVOKING Heroism.
  3684 | D:5      | 3684 ||| Stepping ~*~*~tactically~*~*~ (outnumbered).
  3686 | D:5      | 3686 ||| INVOKING Heroism.
  3687 | D:5      | 3687 ||| Stepping ~*~*~tactically~*~*~ (outnumbered).
  3712 | D:5      | Found a radiant altar of Vehumet.
  3713 | D:5      | 3713 ||| INVOKING Heroism.
  3717 | D:5      | Reached skill level 11 in Ranged Weapons
  3901 | D:6      | 3901 ||| INVOKING Heroism.
  3965 | D:6      | Reached XP level 8. HP: 44/44 MP: 11/13
  4024 | D:6      | 4024 ||| INVOKING Heroism.
  4029 | D:6      | 4029 ||| Stepping ~*~*~tactically~*~*~ (cloud).
  4034 | D:6      | HP: 11/44 [something (5)]
  4035 | D:6      | Reached skill level 12 in Ranged Weapons
  4035 | D:6      | 4035 ||| Stepping ~*~*~tactically~*~*~ (cloud).
  4330 | D:6      | 4330 ||| INVOKING Heroism.
  4333 | D:6      | Reached skill level 3 in Fighting
  4372 | D:6      | Found Noyjim's Magic Scroll Boutique.
  4435 | D:6      | 4435 ||| BUYING scroll of identify (30 gold).
  4435 | D:6      | Bought a scroll of identify for 30 gold pieces
  4435 | D:6      | 4435 ||| BUYING scroll of identify (30 gold).
  4435 | D:6      | Bought a scroll of identify for 30 gold pieces
  4435 | D:6      | 4435 ||| BUYING scroll of identify (30 gold).
  4435 | D:6      | Bought a scroll of identify for 30 gold pieces
  4435 | D:6      | 4435 ||| BUYING scroll of teleportation (45 gold).
  4435 | D:6      | Bought a scroll of teleportation for 45 gold pieces
  4435 | D:6      | 4435 ||| BUYING scroll of teleportation (45 gold).
  4435 | D:6      | Bought a scroll of teleportation for 45 gold pieces
  4435 | D:6      | 4435 ||| UPGRADING to +0 pair of gloves.
  4440 | D:6      | 4440 ||| UPGRADING to amulet of regeneration.
  4445 | D:6      | 4445 ||| READING scroll labelled PIVITSO FUSELU.
  4445 | D:6      | Identified a scroll of acquirement
  4445 | D:6      | 4445 ||| ACQUIRING +2 antimagic orcbow
  4445 | D:6      | Acquired a +2 antimagic orcbow
  4447 | D:6      | 4447 ||| READING 6 scrolls of identify.
  4447 | D:6      | 4447 ||| IDENTIFYING viscous blue potion
  4448 | D:6      | 4448 ||| READING 5 scrolls of identify.
  4448 | D:6      | 4448 ||| IDENTIFYING viscous cyan potion
  4449 | D:6      | 4449 ||| READING 4 scrolls of identify.
  4449 | D:6      | 4449 ||| IDENTIFYING silvery potion
  4450 | D:6      | 4450 ||| READING 3 scrolls of identify.
  4450 | D:6      | 4450 ||| IDENTIFYING inky potion
  4451 | D:6      | 4451 ||| DROPPING potion of berserk rage.
  4452 | D:6      | 4452 ||| DROPPING potion of invisibility.
  4530 | D:7      | Found Donal's Weapon Shoppe.
  4534 | D:7      | Found Enuwuisch's Magic Scroll Boutique.
  4543 | D:7      | Found Jetoic's Antique Armour Shop.
  4543 | D:7      | Noticed a hornet
  4550 | D:7      | 4550 ||| INVOKING Heroism.
  4552 | D:7      | HP: 8/46 [hornet (11)]
  4552 | D:7      | Paralysed by a hornet for 3 turns
  4554 | D:7      | Slain by a hornet

Levels and vault maps discovered:
D:1:      lightli_arrival_flooded_house, layout_loops_corners,
          kennysheep_nondescript, minmay_fountain_box, minmay_misc_feat_pillars
D:2:      layout_loops_ring
D:3:      layout_basic
D:4:      layout_rooms, mainiacjoe_overflow_concentric_impassable,
          temple_statues
D:5:      layout_loops_ring, vehumet_statue, chequers_serial_rivers_large_b,
          hex_tiny
D:6:      layout_rooms, nicolae_inconvenience_store
D:7:      layout_layer_cave, lemuel_crystal_altar,
          mainiacjoe_overflow_surrounded_room, nicolae_overflow_crystal_walls,
          serial_shops, nicolae_shop_tiny_waterfront, shop, shop,
          minmay_crystal_room
Temple:   zaba_magenta_temple

Skill      XL: |  1  2  3  4  5  6  7  8 |
---------------+-------------------------+-----
Ranged Weapons | 6 7 9 10 11 12 | 12.2
Fighting       | 2 3 |  3.3
Dodging        | 3 4 |  4.4
Armour         | 1 |  1.0
Invocations    | 1 4 |  4.2
Stealth        | |  1.2

Action                     |  1- 3 |  4- 6 |  7- 9 || total
---------------------------+-------+-------+-------++-------
   Fire: Shortbow          |   110 |       |       ||   110
         Sling             |     9 |    80 |   121 ||   210
 Invoke: Heroism           |       |     1 |     7 ||     8
    Use: Scroll            |     6 |     4 |     8 ||    18
         Potion            |     1 |     1 |       ||     2
 Armour: Leather armour    |     9 |       |       ||     9
         Ring mail         |     7 |     3 |     8 ||    18
  Dodge: Dodged            |    33 |    10 |    28 ||    71

Table legend:
 A = Non-vault XP
 B = Vault XP
 C = Vault XP percentage of total XP
 D = Non-vault monster count
 E = Vault monster count
 F = Vault count percentage of total count
                 A         B        C        D         E       F
            +---------+---------+-------+---------+---------+-------
      Total |    2194 |      32 |   1.4 |     124 |       1 |   0.8
            +---------+---------+-------+---------+---------+-------
        D:1 |      31 |       0 |   0.0 |      20 |       0 |   0.0
        D:2 |      48 |       0 |   0.0 |      20 |       0 |   0.0
        D:3 |      56 |       0 |   0.0 |      19 |       0 |   0.0
        D:4 |     255 |       0 |   0.0 |      18 |       0 |   0.0
        D:5 |     802 |      32 |   3.8 |      35 |       1 |   2.8
        D:6 |     805 |       0 |   0.0 |      10 |       0 |   0.0
        D:7 |     197 |       0 |   0.0 |       2 |       0 |   0.0
            +---------+---------+-------+---------+---------+-------
